 Dungeon Crawl Stone Soup version 0.23.0-28-g6fe0f4d (webtiles) character file.

Game seed: 17420390303683693293

10755 Hasart the Summoner (level 11, -2/84 HPs)
             Began as a Human Summoner on Feb 25, 2019.
             Was an Elder of Sif Muna.
             Slain by a komodo dragon (23 damage)
             ... on level 1 of the Lair of Beasts.
             The game lasted 00:59:15 (16840 turns).

Hasart the Summoner (Human Summoner)               Turns: 16840, Time: 00:59:15

Health: -2/84      AC: 12    Str: 11    XL:     11   Next: 98%
Magic:  31/31      EV: 13    Int: 19    God:    Sif Muna [****..]
Gold:   685        SH:  0    Dex: 14    Spells: 16/25 levels left

rFire    . . .     SeeInvis .   j - +3 halberd (vamp)
rCold    . . .     Gourm    .   (shield currently unavailable)
rNeg     . . .     Faith    .   P - +0 troll leather armour
rPois    .         Spirit   .   e - +1 helmet
rElec    .         Reflect  .   (no cloak)
rCorr    .         Harm     .   s - +0 pair of gloves {Str+3}
MR       .....                  x - +0 pair of boots
Stlth    ++........             D - amulet of magic regeneration
HPRegen  0.64/turn              h - +4 ring of protection
MPRegen  0.47/turn              I - ring of magical power

@: lethally poisoned (-2 -> -9), about to teleport
A: no striking features
a: Divine Energy, Channel Magic, Forget Spell, Renounce Religion


You were on level 1 of the Lair of Beasts.
You worshipped Sif Muna.
Sif Muna was greatly pleased with you.
You were not hungry.

You visited 4 branches of the dungeon, and saw 14 of its levels.

You collected 964 gold pieces.
You spent 279 gold pieces at shops.

Inventory:

Hand Weapons
 j - a +3 vampiric halberd (weapon)
 G - the +6 hunting sling of Orricw {speed, rElec MP-9 Dex+2}
   (You found it on level 7 of the Dungeon)

   Attacks with this weapon are significantly faster.
   It affects your dexterity (+2).
   It insulates you from electricity.
   It affects your magic capacity (-9).
 J - a +2 trident of venom
Armour
 e - a +1 helmet (worn)
 i - a +1 robe of cold resistance
 s - a +0 pair of gloves of strength (worn)
 t - a +0 robe of positive energy
 x - a +0 pair of boots (worn)
 z - the +2 robe of Okawaru's Hatred {rElec rF- Int+4}
   (You bought it in a shop on level 4 of the Dungeon)

   It affects your intelligence (+4).
   It makes you vulnerable to fire.
   It insulates you from electricity.
 C - a +0 shield
 E - a +1 leather armour of fire resistance
 P - a +0 troll leather armour (worn)
Magical Staves
 o - a cursed staff of wizardry {unknown}
 L - an uncursed staff of air {unknown}
Jewellery
 a - an uncursed ring of ice
 h - a +4 ring of protection (left hand)
 v - an uncursed ring of resist corrosion
 D - an amulet of magic regeneration (around neck)
 I - a ring of magical power (right hand)
Wands
 m - a wand of iceblast (13)
 n - a wand of flame (33)
 A - a wand of enslavement (12)
 B - a wand of disintegration (10)
 S - a wand of random effects (26)
Scrolls
 d - 10 scrolls of identify
 f - 2 scrolls of magic mapping
 l - 2 scrolls of fog
 r - 3 scrolls of remove curse
 w - a scroll of immolation
 N - a scroll of amnesia
Potions
 b - 5 potions of flight
 g - a potion of mutation {unknown}
 k - 5 potions of curing
 p - 4 potions of haste {unknown}
 q - 2 potions of lignification {unknown}
 u - a potion of resistance {unknown}
 F - a potion of berserk rage {unknown}
 H - 2 potions of agility {unknown}
 R - a potion of heal wounds
Miscellaneous
 Q - a fan of gales
Comestibles
 c - 16 rations
 K - a chunk of flesh


   Skills:
 - Level 7.0 Fighting
 + Level 7.6 Polearms
 + Level 4.0 Dodging
 - Level 2.0 Stealth
 + Level 7.7 Spellcasting
 * Level 11.9 Summonings
 + Level 0.3 Air Magic
 + Level 3.5 Invocations


You had 16 spell levels left.
You knew the following spells:

 Your Spells              Type           Power        Failure   Level  Hunger
a - Summon Lightning Spi  Summ/Air       ####....     10%         4    ###....
b - Call Imp              Summ           ######..     1%          2    None
c - Call Canine Familiar  Summ           ######..     1%          3    #......

Your spell library contained the following spells:

 Spells                   Type           Power        Failure   Level  Hunger
 Summon Small Mammal      Summ           ####         1%          1    None
 Summon Guardian Golem    Hex/Summ       ####....     3%          3    #......
 Summon Ice Beast         Ice/Summ       ####....     11%         4    ###....


Dungeon Overview and Level Annotations

Branches:
Dungeon (11/15)            Temple (1/1) D:4            Lair (1/6) D:9
    Orc (1/2) D:11

Altars:
Ashenzari
Cheibriados
Dithmenos
Elyvilon
Fedhas
Gozag
Hepliaklqana
Kikubaaqudgha
Makhleb
Nemelex Xobeh
Okawaru
Qazlal
Ru
Sif Muna
Trog
Uskayaw
Vehumet
Wu Jian
Xom
Yredelemnul
Zin
The Shining One

Shops:
D:2 *   D:4 *[(

Annotations:
D:7 3 runed translucent doors, Crl's ghost, novice GrFi
D:9 Shield of Resistance
D:10 3 runed translucent doors, Kairos's ghost, journeyman VSNe


Message History

The water moccasin poisons you!
The komodo dragon bites you but does no damage.
The wolf barely misses you. The water moccasin bites you.
Unknown command.
Unknown command.
You slash the water moccasin!
You feel better.
The water moccasin is heavily wounded.
You feel sick. The wolf bites you but does no damage.
The komodo dragon bites you. The water moccasin barely misses you.
The wolf bites you but does no damage.
Unknown command.
You puncture the water moccasin!
You feel better.
The water moccasin is almost dead.
You feel sick. The water moccasin bites you!
You are more poisoned.
The water moccasin poisons you! The wolf bites you!
The komodo dragon bites you!!
* * * LOW HITPOINT WARNING * * *
The water moccasin barely misses you. The komodo dragon bites you!!
You die...

##...+........#..............
#...#........#..#####.######
#...#...........# ###
#...........# .#........#..#
...P........#..#
...+....H...#..###
#...#.#.#hD###.....
#........hl@S......
###.##..########### ## ###


You could see an eight-headed hydra, a komodo dragon, a hippogriff, a water
moccasin and 2 wolves.

Vanquished Creatures
  A two-headed ogre (D:11)
  Pikel (D:4)
  Psyche (D:9)
  A komodo dragon (Lair:1)
  A troll (D:10)
  9 yaks
  A warg (D:11)
  A water moccasin (D:6)
  An orc warrior (D:8)
  2 slaves (D:4)
  A black bear (D:11)
  2 ice beasts
  2 necrophages
  5 ogres
  3 wolves (Lair:1)
  6 centaurs
  A crocodile (Lair:1)
  Blork the orc (D:5)
  A big kobold (D:9)
  4 bullfrogs
  A water moccasin skeleton (D:9)
  6 scorpions
  6 killer bees
  4 wights (D:6)
  3 jellies
  3 crimson imps
  2 bullfrog zombies
  5 hounds
  4 orc wizards
  2 centaur skeletons (D:11)
  An orc priest (D:4)
  3 iguanas
  6 worker ants
  A hound zombie (D:10)
  A hound skeleton (D:10)
  Robin (D:2)
  10 gnolls
  5 adders
  4 shadow imps
  An ooze (D:2)
  An adder zombie (D:9)
  2 adder skeletons
  2 worms (D:4)
  A dart slug (D:1)
  5 leopard geckos
  27 orcs
  3 bats
  6 giant cockroaches
  5 goblins
  6 hobgoblins
  14 jackals
  3 quokkas
  A ball python (D:3)
  5 frilled lizards
  9 kobolds
  2 leopard gecko skeletons
  8 rats
214 creatures vanquished.

Vanquished Creatures (collateral kills)
  Harold (D:7)
  Fannar (D:11)
  An ugly thing (D:11)
  Joseph (D:7)
  2 hornets
  2 shadows
  9 yaks
  A steam dragon (D:10)
  A hungry ghost (D:9)
  Menkaure (D:6)
  Edmund (D:5)
  A sky beast (D:11)
  An ice beast (D:6)
  A phantom (D:7)
  An orc warrior (D:8)
  An ogre (D:7)
  2 centaurs (D:11)
  A big kobold (D:7)
  4 bullfrogs
  A water moccasin zombie (D:10)
  A wyvern skeleton (D:10)
  3 scorpions
  3 killer bees
  3 wights
  4 crimson imps
  A quasit (D:11)
  2 bullfrog zombies (D:7)
  A gnoll shaman (D:6)
  2 hounds
  A jelly (D:8)
  An orc priest (D:7)
  3 centaur skeletons
  Jessica (D:2)
  Terence (D:3)
  An iguana (D:10)
  4 worker ants
  10 orc wizards
  5 gnolls
  5 adders
  A worm (D:3)
  A dart slug (D:3)
  23 orcs
  4 ball pythons
  2 bats
  3 giant cockroaches
  8 goblins
  4 hobgoblins
  4 jackals (D:1)
  2 quokkas
  2 frilled lizards
  8 kobolds
  2 rats (D:1)
150 creatures vanquished.

Vanquished Creatures (others)
  A fungus (Lair:1)
  A plant (D:9)
2 creatures vanquished.

Grand Total: 366 creatures vanquished

Notes
Turn   | Place    | Note
-------+----------+-------------------------------------------
     0 | D:1      | Hasart the Human Summoner began the quest for the Orb.
     0 | D:1      | Reached XP level 1. HP: 13/13 MP: 3/3
   438 | D:1      | Reached XP level 2. HP: 14/19 MP: 5/5
   522 | D:1      | Learned a level 2 spell: Call Imp
  1063 | D:1      | Reached XP level 3. HP: 24/24 MP: 6/6
  1657 | D:1      | Learned a level 3 spell: Call Canine Familiar
  2002 | D:2      | Reached XP level 4. HP: 30/30 MP: 2/8
  2061 | D:2      | Noticed Robin
  2070 | D:2      | Reached skill level 5 in Summonings
  2460 | D:2      | HP: 1/30 [goblin[Robin] (3)]
  2865 | D:2      | Killed Robin
  2895 | D:2      | Found an opulent altar of Gozag.
  2910 | D:2      | Found Gozag's Platinum Reserve.
  3288 | D:2      | Noticed Jessica
  3294 | D:2      | Killed Jessica
  3294 | D:2      | Reached XP level 5. HP: 36/36 MP: 5/9
  3596 | D:3      | Reached skill level 1 in Fighting
  3721 | D:3      | Noticed Terence
  3726 | D:3      | Killed Terence
  3726 | D:3      | Reached skill level 1 in Polearms
  4971 | D:3      | Reached XP level 6. HP: 20/43 MP: 3/10
  5548 | D:4      | Found Roar's Weapon Shoppe.
  5667 | D:4      | Reached skill level 6 in Summonings
  5764 | D:4      | Found Ulaje's Assorted Antiques.
  5768 | D:4      | Bought a scroll labeled FEROR IXKIU for 23 gold pieces
  5768 | D:4      | Bought a runed robe for 85 gold pieces
  5807 | D:4      | Reached XP level 7. HP: 24/50 MP: 4/12
  6172 | D:4      | Found a staircase to the Ecumenical Temple.
  6195 | Temple   | Entered the Ecumenical Temple
  6323 | Temple   | Became a worshipper of Sif Muna the Loreminder
  6374 | D:4      | Found a glowing golden altar of the Shining One.
  6406 | D:4      | Found Exezunk's Antique Armour Boutique.
  6451 | D:4      | Found a burning altar of Makhleb.
  6680 | D:4      | Noticed Pikel
  7262 | D:5      | Entered Level 5 of the Dungeon
  7506 | D:5      | Reached XP level 8. HP: 58/58 MP: 7/14
  7594 | D:5      | Noticed Edmund
  7626 | D:5      | Found a white marble altar of Elyvilon.
  7679 | D:5      | Killed Edmund
  7679 | D:5      | Reached skill level 7 in Summonings
  7751 | D:5      | Noticed Blork the orc
  7752 | D:5      | Found a shadowy altar of Dithmenos.
  7774 | D:5      | Killed Blork the orc
  7804 | D:5      | You fall through a shaft for 3 floors!
  7901 | D:7      | Found a runed translucent gate.
  7906 | D:7      | Found a runed translucent gate.
  7906 | D:7      | Found a runed translucent gate.
  7907 | D:7      | Noticed Crl's ghost (novice GrFi)
  8073 | D:6      | Reached * piety under Sif Muna
  8866 | D:6      | Reached skill level 8 in Summonings
  8866 | D:6      | Reached XP level 9. HP: 61/65 MP: 14/16
  8905 | D:6      | Found a shimmering altar of Xom.
  9090 | D:6      | Reached skill level 5 in Spellcasting
  9112 | D:6      | Reached ** piety under Sif Muna
  9565 | D:6      | Found an iron altar of Okawaru.
  9628 | D:6      | Noticed Menkaure
  9949 | D:7      | Noticed Joseph
  9949 | D:7      | Noticed a hornet
 10021 | D:4      | Killed Pikel
 10039 | D:4      | Bought a wizard robe for 171 gold pieces
 10049 | D:4      | Identified the +2 robe of Okawaru's Hatred {rElec rF-
                  | Int+4} (You bought it in a shop on level 4 of the Dungeon)
 10109 | D:6      | Paralysed by a hornet for 2 turns
 10120 | D:6      | Killed a hornet
 10120 | D:6      | Reached skill level 5 in Fighting
 10120 | D:6      | Reached skill level 9 in Summonings
 10416 | D:6      | Killed Menkaure
 10790 | D:7      | Killed Joseph
 10790 | D:7      | Reached skill level 5 in Polearms
 10984 | D:7      | Identified a scroll of acquirement
 11087 | D:7      | Got a smoking hunting sling
 11088 | D:7      | Identified the +6 hunting sling of Orricw {speed, rElec
                  | MP-9 Dex+2} (You found it on level 7 of the Dungeon)
 11284 | D:7      | Reached XP level 10. HP: 70/74 MP: 13/18
 11512 | D:7      | Noticed Harold
 11536 | D:7      | Killed Harold
 11536 | D:7      | Reached *** piety under Sif Muna
 11536 | D:7      | Reached skill level 10 in Summonings
 12733 | D:8      | Found a hazy altar of Hepliaklqana.
 13309 | D:8      | Found a bloodstained altar of Trog.
 13506 | D:9      | Found a runed translucent door.
 13507 | D:9      | Noticed a fire dragon
 13510 | D:9      | Noticed an ice dragon
 13510 | D:9      | Noticed a fire dragon
 13511 | D:9      | Found the +2 shield of Resistance {rF+ rC+ MR+}
 13512 | D:9      | Noticed an ice dragon
 13527 | D:9      | Found a runed translucent door.
 13716 | D:9      | Noticed Psyche
 13972 | D:9      | Found a staircase to the Lair.
 14007 | D:9      | Killed Psyche
 14007 | D:9      | Reached XP level 11. HP: 46/83 MP: 21/21
 14438 | D:10     | Entered Level 10 of the Dungeon
 14453 | D:10     | Reached skill level 11 in Summonings
 14595 | D:10     | Reached **** piety under Sif Muna
 14710 | D:10     | Found a runed translucent gate.
 14711 | D:10     | Found a runed translucent gate.
 14711 | D:10     | Found a runed translucent gate.
 14712 | D:10     | Found an opulent altar of Gozag.
 14712 | D:10     | Noticed a death drake
 14712 | D:10     | a death drake changed into a merfolk
 14714 | D:10     | Noticed Kairos's ghost (journeyman VSNe)
 14714 | D:10     | Noticed a wolf spider
 14714 | D:10     | a merfolk changed into a wolf spider
 14790 | D:10     | Paralysed by a hornet for 1 turns
 14796 | D:10     | Reached skill level 1 in Invocations
 15040 | D:10     | Noticed a death drake
 15042 | D:10     | a death drake changed into a torpor snail
 15102 | D:10     | Noticed a death drake
 15461 | D:11     | Learned a level 4 spell: Summon Lightning Spire
 15592 | D:11     | Noticed a green ugly thing
 15602 | D:11     | Killed a green ugly thing
 15617 | D:11     | Noticed Fannar
 15696 | D:11     | Found a staircase to the Orcish Mines.
 15885 | D:11     | Killed Fannar
 16104 | D:11     | Noticed a two-headed ogre
 16117 | D:11     | Killed a two-headed ogre
 16313 | Orc:1    | Entered Level 1 of the Orcish Mines
 16334 | Orc:1    | Noticed an orc knight
 16511 | Lair:1   | Entered Level 1 of the Lair of Beasts
 16812 | Lair:1   | Noticed an eight-headed hydra
 16840 | Lair:1   | Slain by a komodo dragon

Skill      XL: |  1  2  3  4  5  6  7  8  9 10 11 |
---------------+----------------------------------+-----
Summonings     | 5 6 8 9 10 11 | 11.9
Fighting       | 1 2 3 4 5 6 7 |  7.0
Polearms       | 1 2 3 4 5 6 7 |  7.6
Spellcasting   | 3 4 5 6 7 |  7.7
Invocations    | 3 |  3.5
Dodging        | 4 |  4.0
Stealth        | |  2.0
Air Magic      | |  0.3

Action                   |  1- 3 |  4- 6 |  7- 9 | 10-12 || total
-------------------------+-------+-------+-------+-------++-------
Melee: Club              |    32 |       |       |       ||    32
       Unarmed           |    13 |       |       |       ||    13
       Dagger            |    61 |    26 |   104 |       ||   191
       Halberd           |       |   195 |   236 |   526 ||   957
       Flail             |       |       |     2 |       ||     2
 Cast: Summon Small Mamm |    10 |     1 |       |       ||    11
       Call Imp          |     8 |     5 |    16 |     7 ||    36
       Call Canine Famil |     4 |    27 |    39 |    44 ||   114
       Summon Lightning  |       |       |       |     7 ||     7
Evoke: Wand              |       |     9 |     6 |       ||    15
  Use: Scroll            |       |     5 |     8 |     5 ||    18
       Potion            |       |       |       |     1 ||     1
 Stab: Sleeping          |     2 |     6 |     5 |     3 ||    16
       Distracted        |       |       |     5 |     6 ||    11
  Eat: Chunk             |     4 |    16 |     8 |    23 ||    51
       Ration            |       |       |     5 |       ||     5
Armor: Robe              |    20 |    98 |   120 |       ||   238
       Leather armour    |       |       |    17 |   101 ||   118
       Troll leather arm |       |       |       |    99 ||    99
Dodge: Dodged            |    90 |   229 |   220 |   327 ||   866
